 Dungeon Crawl Stone Soup version 0.31-a0-523-g071a6c1ffa (webtiles) character file.

Game seed: 9991535861582168150

162 Newt the Trooper (level 5, -4/46 HPs)
             Began as a Demonspawn Fighter on Aug 11, 2023.
             Succumbed to a scorpion's poison
             ... on level 4 of the Dungeon.
             The game lasted 00:02:23 (2866 turns).

Newt the Trooper (Demonspawn Fighter)               Turns: 2866, Time: 00:02:24

Health: -4/46      AC:  5    Str: 18    XL:     5   Next: 19%
Magic:  14/14      EV: 10    Int:  9    God:
Gold:   142        SH:  5    Dex: 13    Spells: 4/4 levels left

rFire   + . .        a - +1 rapier
rCold   + . .        c - +1 buckler
rNeg    + + +        l - +0 ring mail "Cilebewy" {rN+++ Will++ MP+9 Slay-2}
rPois   +            (helmet restricted)
rElec   +            (no cloak)
rCorr   +            (no gloves)
SInv    .            (no boots)
Will    ++...        (no amulet)
Stlth   +            e - ring of flight
HPRegen 0.27/turn    (no ring)
MPRegen 0.14/turn

%: no passive effects
@: lethally poisoned (-4 -> -36), resistant, flying
A: antennae 1, spiny 1
a: no special abilities


You were on level 4 of the Dungeon.
You visited 1 branch of the dungeon, and saw 4 of its levels.

You collected 142 gold pieces.

Inventory:

Hand Weapons
 a - a +1 rapier (weapon)
Missiles
 k - 16 poisoned darts
 m - 14 boomerangs
Armour
 b - a +0 scale mail
 c - a +1 buckler (worn)
 l - the +0 ring mail "Cilebewy" (worn) {rN+++ Will++ MP+9 Slay-2}
   (You found it on level 3 of the Dungeon)

   Slay-2:    It affects your accuracy & damage with ranged weapons and melee
   (-2).
   rN+++:     It renders you almost immune to negative energy.
   Will++:    It greatly increases your willpower.
   MP+9:      It affects your magic capacity (+9).
Jewellery
 e - a ring of flight (left hand)
Scrolls
 f - 2 scrolls of poison
 o - 3 scrolls of enchant armour
Potions
 d - 2 potions of might
 i - a potion of attraction {unknown}
 j - a potion of mutation {unknown}
 p - a potion of magic {unknown}


   Skills:
 - Level 6.0 Fighting
 + Level 1.7 Short Blades
 - Level 2.6 Armour
 - Level 2.6 Shields


You had 4 spell levels left.
You didn't know any spells.
Your spell library contained the following spells:

 Spells                   Type           Power      Damage    Failure   Level
 Slow                     Hex            0%         N/A       65%         1
 Confusing Touch          Hex            0%         N/A       95%         3
 Dazzling Flash           Conj/Hex       0%         N/A       95%         3
 Vampiric Draining        Necr           0%         2d6       95%         3
 Agony                    Necr           0%         N/A       100%        5
 Silence                  Hex/Air        0%         N/A       100%        5


Dungeon Overview and Level Annotations

Branches:
Dungeon (4/15)
 Temple: D:4-7

Altars:

Shops:
D:1 =   D:3 (


Innate Abilities, Weirdness & Mutations

You have a pair of small antennae on your head.
You are partially covered in sharp spines.


Message History

You are poisoned.
The scorpion poisons you!
You hit the scorpion.
The scorpion is severely wounded.
You feel very sick. The scorpion stings you.
The scorpion is struck by your spines. The scorpion stings you.
You hit the scorpion.
The scorpion is severely wounded.
You feel sick. The scorpion closely misses you.
You are too injured to fight recklessly!
You are too injured to fight recklessly!
You are too injured to fight recklessly!
You closely miss the scorpion.
The scorpion is severely wounded.
You feel sick. The scorpion is struck by your spines. The scorpion stings you.
You hit the scorpion.
The scorpion is almost dead.
You feel sick. The scorpion stings you.
* * * LOW HITPOINT WARNING * * *
You are more poisoned.
The scorpion poisons you! The scorpion barely misses you.
You completely miss the scorpion.
The scorpion is almost dead.
* * * LOW HITPOINT WARNING * * *
You feel very sick. You block the scorpion's attack.
Unknown command.
You barely miss the scorpion.
The scorpion is almost dead.
You feel sick. The scorpion stings you.
* * * LOW HITPOINT WARNING * * *
You are lethally poisoned!
The scorpion poisons you! The scorpion stings you.
* * * LOW HITPOINT WARNING * * *
You are more poisoned.
The scorpion poisons you!
It was a potion of resistance.
You feel protected.
You die...

#...........
#..
###.........
###
#...........
..
#.........#.
##
#....###...>
#.....# ###.
###....####
#...........
#..@........
#..s###.....#
#..... ...###
#...... ...#
#..........#
#........ ..
#.....###.
#.....# ..


You could see a scorpion.

Vanquished Creatures
  An orc priest (D:3)
  An orc wizard (D:3)
  4 adders
  A worm (D:2)
  3 orcs (D:3)
  2 bats (D:1)
  5 endoplasms
  2 giant cockroaches
  10 goblins
  8 hobgoblins
  4 jackals
  6 kobolds
  5 quokkas
  5 ball pythons
  2 frilled lizards (D:3)
  A rat (D:3)
60 creatures vanquished.

Notes
Turn   | Place    | Note
-------+----------+-------------------------------------------
     0 | D:1      | Newt the Demonspawn Fighter began the quest for the Orb.
     0 | D:1      | Reached XP level 1. HP: 18/18 MP: 1/1
   224 | D:1      | Found Ixomoc's Jewellery Emporium.
   269 | D:1      | Gained mutation: You have a pair of small antennae on your
                  | head. [demonic ancestry]
   269 | D:1      | Reached XP level 2. HP: 24/24 MP: 2/2
   396 | D:1      | Found a faded altar of an unknown god.
   957 | D:2      | Reached skill level 4 in Fighting
   957 | D:2      | Gained mutation: You are partially covered in sharp spines.
                  | [demonic ancestry]
   957 | D:2      | Reached XP level 3. HP: 29/30 MP: 3/3
  1714 | D:3      | Identified the +0 ring mail "Cilebewy" {rN+++ Will++ MP+9
                  | Slay-2}
  1850 | D:3      | Reached XP level 4. HP: 38/38 MP: 4/4
  1877 | D:3      | Found Futox's Antique Weapon Shoppe.
  1927 | D:3      | Reached skill level 5 in Fighting
  2202 | D:3      | HP: 1/58 [orc priest/divine providence (8)]
  2208 | D:3      | Reached XP level 5. HP: 3/46 MP: 5/5
  2841 | D:4      | Reached skill level 6 in Fighting
  2866 | D:4      | Succumbed to a scorpion's poison

Illustrated notes

Levels and vault maps discovered:
D:1:      lemuel_arrival_rhombus, layout_basic, ebering_ecumenical_altar_mist,
          serial_shops, nicolae_shop_advertising_works
          [nicolae_subvault_shop_adworks]
D:2:      layout_basic
D:3:      layout_loops_ring, serial_shops, shop
D:4:      layout_basic, minmay_temple_entry_trees, gammafunk_ghost_grave,
          cheibrodos_sewer_entry_sluice, dreamdust_gnoll_farm

Skill      XL: |  1  2  3  4  5 |
---------------+----------------+-----
Fighting       | 4 5 6 |  6.0
Short Blades   | |  1.7
Armour         | |  2.6
Shields        | |  2.6

Action                     |  1- 3 |  4- 6 || total
---------------------------+-------+-------++-------
  Melee: Rapier            |    95 |    91 ||   186
    Use: Scroll            |     3 |     4 ||     7
         Potion            |       |     2 ||     2
 Armour: Scale mail        |    44 |       ||    44
         Ring mail         |     1 |    20 ||    21
  Dodge: Dodged            |    26 |    36 ||    62
  Block: Buckler           |    16 |    20 ||    36

Table legend: (Time is in decaauts)
 A = Elapsed time spent in this place.
 B = Non-inter-level travel time spent in this place.
 C = Inter-level travel time spent in this place.
 D = Time resting spent in this place.
 E = Time spent auto-exploring this place.
 F = Levels seen in this place.
 G = Mean time per level.
                   A        B        C        D        E       F      G
               +--------+--------+--------+--------+--------+-----+--------+
         Total |   2902 |   2789 |    113 |    345 |   2008 |   4 |  725.5 |
       Dungeon |   2902 |   2789 |    113 |    345 |   2008 |   4 |  725.5 |
               +--------+--------+--------+--------+--------+-----+--------+

Top non-repeatable levels by time:
     D:3: 1052 daAuts
     D:1: 871 daAuts
     D:2: 836 daAuts
     D:4: 141 daAuts
